 Dungeon Crawl Stone Soup version 0.27-a0-836-gfc908b8576 (webtiles) character file.

Game seed: 5082264461437708197

235 Lanoc the Changer (level 6, -2/41 HPs)
             Began as an Octopode Transmuter on Mar 31, 2021.
             Slain by an orc wizard
             ... wielding a +0 dagger
              (3 damage)
             ... on level 5 of the Dungeon.
             The game lasted 00:06:43 (5188 turns).

Lanoc the Changer (Octopode Transmuter)             Turns: 5188, Time: 00:06:44

Health: -2/41      AC:  1    Str:  9    XL:     6   Next: 6%
Magic:  7/9        EV: 14    Int: 17    God:
Gold:   161        SH:  0    Dex: 13    Spells: 3/9 levels left

rFire    . . .     SeeInvis .     - Unarmed
rCold    . . .     Faith    .   (no shield)
rNeg     . . .     Spirit   .   (helmet currently unavailable)
rPois    .         Reflect  .   (no amulet)
rElec    .         Harm     .   b - ring of flight
rCorr    .         Rampage  .   (no ring)
Will     .....                  (no ring)
Stlth    ++........             (no ring)
HPRegen  0.13/turn              (no ring)
MPRegen  0.11/turn              (no ring)
                                (no ring)
                                (no ring)

@: confused, brilliant, appendages (expiring), wereblooded, attractive, flying
A: tentacle spike 3, almost no armour, amphibious, 8 rings, camouflage 1,
gelatinous body 1, (nimble swimmer 1), tentacles
a: End Transformation


You were on level 5 of the Dungeon.
One of your tentacles had grown a beastly spike.
You visited 1 branch of the dungeon, and saw 5 of its levels.

You collected 161 gold pieces.

Inventory:

Jewellery
 b - a ring of flight (left tentacle)
Wands
 j - a wand of polymorph (6)
Scrolls
 a - a scroll of fog {unknown}
 d - a scroll of summoning {unknown}
 e - a scroll of fear {unknown}
 g - 6 scrolls of identify {unknown}
 i - 2 scrolls of amnesia {unknown}
 k - a scroll of teleportation {unknown}
 l - a scroll of vulnerability {unknown}
Potions
 h - a potion of haste {unknown}
 m - a potion of ambrosia {unknown}
 n - 2 potions of mutation {unknown}


   Skills:
 + Level 2.6 Fighting
 + Level 3.2 Dodging
 + Level 3.9 Unarmed Combat
 - Level 2.0 Spellcasting
 * Level 4.1 Transmutations


You had 3 spell levels left.
You knew the following spells:

 Your Spells              Type           Power      Damage    Failure   Level
a - Beastly Appendage     Tmut           46%        N/A       3%          1
b - Wereblood             Tmut           23%        N/A       5%          2
c - Spider Form           Tmut/Pois      6%         N/A       26%         3

Your spell library contained the following spells:

 Spells                   Type           Power      Damage    Failure   Level
 Ice Form                 Ice/Tmut       13%        N/A       63%         4
 Hydra Form               Tmut           11%        N/A       69%         5


Dungeon Overview and Level Annotations

Branches:
Dungeon (5/15)
 Temple: D:4-7

Altars:
Dithmenos
Sif Muna
Uskayaw

Shops:
D:1 :[[=   D:2 (

Annotations:
D:4 Grinder


Innate Abilities, Weirdness & Mutations

One of your tentacles has grown a beastly spike.
You cannot wear most types of armour.
You are amphibious.
You can wear up to eight rings at the same time.
Your skin changes colour to match your surroundings (Stealth+).
Your rubbery body absorbs attacks. (AC +1, EV +1)
((You are camouflaged near water. (Stealth+)))
You have tentacles for arms and can constrict up to eight enemies at once.


Message History

The hound bites you.
The orc shouts!
You tentacle-slap the hound but do no damage.
You grab the hound. You constrict the hound.
The orc wizard points at you and mumbles some strange words.
The puff of flame hits you! The hound barely misses you.
The orc hits you with a +0 hand axe.
A scorpion comes into view.
You tentacle-slap the hound but do no damage.
Your squeeze misses the hound.
The hound is lightly wounded.
Your transformation is almost over.
You constrict the hound. The hound barely misses you.
An iguana comes into view.
The orc barely misses you. The hound bites you.
You tentacle-slap the orc. You grab the orc. You squeeze the orc.
You kill the orc!
You constrict the hound.
A bullfrog skeleton comes into view.
The orc wizard hits you with a +0 dagger.
* * * LOW HITPOINT WARNING * * *
The hound bites you.
* * * LOW HITPOINT WARNING * * *
The orc wizard gestures at you while chanting.
You are confused.
It was a potion of attraction.
You feel attractive to monsters.
You constrict the hound. The hound closely misses you.
The orc wizard hits you with a +0 dagger.
* * * LOW HITPOINT WARNING * * *
The iguana is pulled toward you!
The bullfrog skeleton is pulled toward you!
It was a potion of brilliance.
You feel clever all of a sudden.
You constrict the hound. The hound bites you.
* * * LOW HITPOINT WARNING * * *
The orc priest invokes the aid of Beogh against you.
You barely resist.
The orc wizard hits you with a +0 dagger.
You die...

#.#.....# .# .....8..###.#
..........).# ###
....s8.8....# ###..
....Zo......# ###....
....lo.o....# ###......
...#.Zoo....## #..#.....
#..#.Sh@.....####...._..
#.>......##..##.###..... .
#................##.....
.##..........###..###)...
...........#.# #..##.#...
# ##..#..##.### #.......<.
#. ##.......#####........#
...#.....#.....##...(...##
#....#.####..#.........#


You could see a scorpion, an iguana, a hound, an orc priest, 2 orc wizards, an
adder, 2 orcs, a centaur zombie and a bullfrog skeleton.

Vanquished Creatures
  A jelly (D:4)
  A bullfrog skeleton (D:4)
  2 hounds
  Terence (D:3)
  An adder (D:2)
  A worm (D:2)
  3 dart slugs
  4 orcs
  6 endoplasms
  3 giant cockroaches
  7 goblins
  6 hobgoblins
  8 jackals (D:1)
  2 quokkas
  5 ball pythons
  4 bats
  5 frilled lizards (D:1)
  10 kobolds
  2 rats
72 creatures vanquished.

Notes
Turn   | Place    | Note
-------+----------+-------------------------------------------
     0 | D:1      | Lanoc the Octopode Transmuter began the quest for the Orb.
     0 | D:1      | Reached XP level 1. HP: 13/13 MP: 3/3
    87 | D:1      | Found Uril Wisk's Antique Armour Emporium.
   368 | D:1      | Reached XP level 2. HP: 18/18 MP: 3/5
   562 | D:1      | Found Daaka's Book Emporium.
   784 | D:1      | Reached XP level 3. HP: 22/23 MP: 4/6
  1162 | D:1      | Found Nash's Antique Armour Shop.
  1198 | D:1      | Learned a level 2 spell: Wereblood
  1321 | D:1      | Found Amin's Jewellery Boutique.
  1628 | D:2      | Reached skill level 3 in Transmutations
  1740 | D:2      | Reached XP level 4. HP: 26/29 MP: 2/7
  2288 | D:2      | Found Uwketir's Antique Weapon Boutique.
  2693 | D:3      | Found a shimmering blue altar of Sif Muna.
  3084 | D:3      | Noticed Terence
  3094 | D:3      | Killed Terence
  3095 | D:3      | Reached XP level 5. HP: 16/34 MP: 6/8
  3295 | D:3      | Found a hide-covered altar of Uskayaw.
  4157 | D:4      | Noticed Grinder
  4176 | D:5      | Entered Level 5 of the Dungeon
  4176 | D:5      | Found a shadowy altar of Dithmenos.
  4203 | D:5      | Noticed an ice beast
  4361 | D:4      | Reached skill level 4 in Transmutations
  4361 | D:4      | Reached XP level 6. HP: 6/41 MP: 7/9
  4365 | D:4      | Learned a level 3 spell: Spider Form
  4761 | D:4      | Paralysed by Grinder for 5 turns
  4766 | D:4      | Noticed Grinder
  4766 | D:4      | Grinder changed into Grinder the chaos spawn
  5188 | D:5      | HP: 1/41 [hound (4)]
  5188 | D:5      | Slain by an orc wizard

Illustrated notes

Levels and vault maps discovered:
D:1:      minmay_arrival_radiant_lines, layout_basic, serial_shops, shop, shop,
          shop, nicolae_shop_waterfront, chequers_serial_rivers_small_b
D:2:      layout_loops_cross, serial_shops, nicolae_shop_crystal,
          minmay_randomly_rotated_circles
D:3:      layout_basic, old_standard_altar, eat_drink_and_be_merry_uskayaw,
          kennysheep_nub, uniq_terence
D:4:      layout_gridville, uniq_grinder, uniq_duvessa
D:5:      layout_cave_pools, fedhas_altar_1, overflow_temple_1_default,
          kennysheep_vampire_church, old_standard_altar, serial_column_ruins,
          column_ruins_hut, column_ruins_columns_corner,
          column_ruins_corridor_corner, column_ruins_open_small,
          column_ruins_grid_1, column_ruins_corridor_straight,
          column_ruins_open_tiny, basic_altar

Skill      XL: |  1  2  3  4  5 |
---------------+----------------+-----
Transmutations | 3 4 |  4.1
Fighting       | 2 |  2.6
Dodging        | 3 |  3.2
Unarmed Combat | |  3.9
Spellcasting   | |  2.0

Action                   |  1- 3 |  4- 6 || total
-------------------------+-------+-------++-------
Melee: Unarmed           |   102 |    75 ||   177
       Constrict         |    31 |    20 ||    51
       Kick              |    26 |    13 ||    39
       Tentacles         |    16 |    13 ||    29
       Punch             |     2 |     1 ||     3
 Cast: Beastly Appendage |    27 |    20 ||    47
       Wereblood         |     1 |     1 ||     2
Evoke: Wand              |       |     2 ||     2
  Use: Potion            |       |     2 ||     2
 Stab: Sleeping          |     7 |     7 ||    14
Armor: Skin              |     9 |     4 ||    13
Dodge: Dodged            |    69 |    53 ||   122

Table legend: (Time is in decaauts)
 A = Elapsed time spent in this place.
 B = Non-inter-level travel time spent in this place.
 C = Inter-level travel time spent in this place.
 D = Time resting spent in this place.
 E = Time spent auto-exploring this place.
 F = Levels seen in this place.
 G = Mean time per level.
                   A        B        C        D        E       F      G
               +--------+--------+--------+--------+--------+-----+--------+
         Total |   5176 |   5083 |     93 |      0 |   4314 |   5 | 1035.2 |
       Dungeon |   5176 |   5083 |     93 |      0 |   4314 |   5 | 1035.2 |
               +--------+--------+--------+--------+--------+-----+--------+

Top non-repeatable levels by time:
     D:1: 1504 daAuts
     D:4: 1340 daAuts
     D:2: 1050 daAuts
     D:3: 1039 daAuts
     D:5: 242 daAuts
